[Event "*** MasterClass Titled Tuesday Blitz"]
[Site "Chess.com"]
[Date "2017.12.05"]
[Round "2"]
[White "abubakrtagelsir"]
[Black "larso"]
[Result "0-1"]
[WhiteElo "2310"]
[BlackElo "2375"]
[TimeControl "180+2"]
[EndTime "14:38:08 PST"]
[Termination "larso won by resignation"]

1. e4 e6 2. d4 d5 3. Nc3 Bb4 4. e5 c5 5. a3 Bxc3+ 6. bxc3 Ne7 7.
Qg4 cxd4 8. Qxg7 Rg8 9. Qxh7 Qc7 10. Ne2 dxc3 11. f4 Nbc6 12. Qd3 d4 13. h4 Bd7 14. h5 O-O-O 15. h6 Nf5 16. h7 Rh8 17. g4 Nfe7 18. Rb1 Nd5 19. Bg2 Kb8 20. Nxd4 Nxd4 21. Qxd4 Bc6 22. Qf2 Ne7 23. Be3 Ka8 24. Rb3 Bxg2 25. Qxg2 Nd5 26. Bc1 Qc4 27. Qe2 Qd4 28. Kf1 Nxf4 29.
Qf3 Qd1+ 30. Kf2 Qxf3+ 31. Kxf3 Ng6 32. Bf4 Rd4 33. Bg3 Rc4 34. Rd1 a6 35. Rh1 Nf8 36.
Rbb1 Rxh7 37. Rbd1 Rxh1 38. Rxh1 Ng6 39. Rh7 Rc7 40. Rg7 b5 41. g5 Rd7 42. Kg4 Kb7 43.
Kh5 Kc6 44. Rg8 Kd5 45. Ra8 Nxe5 46. Bxe5 Kxe5 47. Rxa6 Kf5 48. Rb6 Rd5 49. Rb7 Rd2 50. Rxf7+ Ke5 51. Kg6 Rxc2 52. Rc7 Kd4 53. Kg7 Rg2 54. g6 Kd3 55. Rd7+ Ke3 56. Re7 c2 57.
Rxe6+ Kd2 58. Rd6+ Kc3 59. Rc6+ Kb2 60. Rc5 c1=Q 61.
Rxb5+ Kxa3 62. Ra5+ Kb4 63. Ra6 Qc3+ 64. Kf7 Qc4+ 65. Kg7 Qxa6 0-1

[Event "*** MasterClass Titled Tuesday Blitz"]
[Site "Chess.com"]
[Date "2017.12.05"]
[Round "2"]
[White "luisgui16"]
[Black "sandager"]
[Result "1-0"]
[WhiteElo "2303"]
[BlackElo "1989"]
[TimeControl "180+2"]
[EndTime "14:38:08 PST"]
[Termination "luisgui16 won by resignation"]

1. e4 e5 2. Nf3 Nc6 3. d4 exd4 4. Nxd4 Nf6 5. Nxc6 bxc6 6. e5 Qe7 7. Qe2 Nd5 8. c4 Ba6 9. b3 g6 10. Bb2 Bg7 11.
g3 O-O 12. Bg2 Rfe8 13. O-O d6 14. Qd2 Bxe5 15. cxd5 Bxb2 16. Qxb2 Bxf1 17. Bxf1 cxd5 18. Nd2 c5 19. Bg2 Qe6 20. Nf1 Rad8 21. Ne3 d4 22. Nd5 Qe2 23. Qa3 Kg7 24. Qxa7 Ra8 25. Qb6 Qb2 26. Rf1 Re2 27. Qxd6 d3 28. Nf4 Rxa2 29.
Nxd3 Qd2 30. Qd5 Rc2 31. h4 Qc3 32. Nf4 Red2 33. Qg5 Qd4 34. h5 Rxf2 35. h6+ Kf8 36. Rxf2 Qxf2+ 37. Kh2 Qd4 38. Nd5 f6 39. Nxf6 Kf7 40.
Nxh7 Qe4 41. Qf4+ Qxf4 42. gxf4 Rc3 43. Ng5+ Kg8 44. Kg1 Kh8 45. Bd5 Re3 46. Kf2 Rc3 47. Bc4 Rxb3 48. Bxb3 c4 49. Bc2 c3 50. Bxg6 c2 51.
Bxc2 Kg8 52. h7+ Kg7 53. Nf7 Kxf7 54. h8=Q Ke6 55. f5+ 1-0

[Event "*** MasterClass Titled Tuesday Blitz"]
[Site "Chess.com"]
[Date "2017.12.05"]
[Round "2"]
[White "PulpanJ"]
[Black "GMBenjaminBok"]
[Result "0-1"]
[WhiteElo "2415"]
[BlackElo "2601"]
[TimeControl "180+2"]
[EndTime "14:38:13 PST"]
[Termination "GMBenjaminBok won by resignation"]

1. e4 c5 2. Nf3 d6 3. d4 cxd4 4.
Nxd4 Nf6 5. Nc3 a6 6. Be2 e5 7.
Nb3 Be7 8. O-O O-O 9. Qd3 Be6 10. Nd5 Bxd5 11. exd5 Nbd7 12. c4 Ne8 13. Bg4 g6 14.
Bh6 Ng7 15. Bxg7 Kxg7 16. Bxd7 Qxd7 17. f4 Bf6 18. f5 e4 19. Qxe4 Bxb2 20. Qg4 f6 21.
Rae1 Rae8 22. Re6 Be5 23. Re1 Rxe6 24. dxe6 Qc7 25. Nd2 Rc8 26. Kh1 Qa5 27. Nf3 Qc3 28.
fxg6 hxg6 29. e7 f5 30. Qh4 Bf6 31. Qh3 Re8 32. Qg3 Rxe7 33. Rd1 Qxc4 34. Qxd6 Qxa2 35.
h3 a5 36. Qb8 a4 37. Rd8 Qa1+ 38. Kh2 Be5+ 39. Nxe5 Qxe5+ 40. Qxe5+ Rxe5 41. Rd7+ Kf6 42. Rxb7 Ra5 43. Rb2 a3 44. Ra2 Ke5 45. Kg3 g5 46. h4 gxh4+ 47. Kxh4 Kd4 48. Kg5 Kc4 49. g3 Kb3 50. Ra1 a2 51. Rf1 a1=Q 52. Rxa1 Rxa1 53. Kxf5 Kc4 54. g4 Kd5 55. g5 Rf1+ 56. Kg6 Ke6 57. Kh7 Rh1+ 58. Kg6 Rg1 59. Kh7 Rxg5 0-1

[Event "*** MasterClass Titled Tuesday Blitz"]
[Site "Chess.com"]
[Date "2017.12.05"]
[Round "2"]
[White "Grebeniuk-S"]
[Black "Oneofmyturns"]
[Result "0-1"]
[WhiteElo "2397"]
[BlackElo "2537"]
[TimeControl "180+2"]
[EndTime "14:38:14 PST"]
[Termination "Oneofmyturns won by resignation"]

1. d4 Nf6 2. Nf3 d5 3. e3 c5 4. c3 e6 5. Bd3 Nc6 6. Nbd2 Be7 7. O-O O-O 8. dxc5 Bxc5 9. e4 h6 10. h3 a6 11. Qc2 Qc7 12. exd5 exd5 13. Nb3 Bd6 14.
Be3 Re8 15. Rfe1 Ne4 16. Nbd4 Bd7 17. Rad1 Re7 18. Nxc6 bxc6 19. c4 Ree8 20. cxd5 cxd5 21. Bxe4 Rxe4 22. Qxc7 Bxc7 23. Rxd5 Be6 24. Rd4 Rxd4 25.
Nxd4 Bxa2 26. b3 Rb8 27. Rc1 Rb7 28. g3 Be5 29. Nc6 Bf6 30. Na5 Rb5 31. Bd2 Bxb3 32. Nxb3 Rxb3 33. Rc8+ Kh7 34. Ra8 Ra3 35. Bb4 Ra2 36.
Be1 Bd4 37. Kf1 Ra1 38. Ke2 a5 39. Bxa5 Ra2+ 40. Kd3 Bb6 41. Bxb6 Rxa8 42. Be3 Kg6 43.
Ke4 h5 44. Kf3 Kf5 45. g4+ hxg4+ 46. hxg4+ Ke5 47. Bf4+ Kd5 48. Be3 Ra4 49. Kg3 Ke4 50.
Bc5 Rc4 51. Bf8 Rc3+ 52. Kg2 g6 53. Bd6 Rd3 54. Bb8 f5 55. gxf5 gxf5 56. Bc7 f4 57. Bb6 f3+ 58. Kg3 Rd6 59. Be3 Rg6+ 60. Kh4 Kd3 61.
Kh5 Rg2 62. Kh4 Ke2 63. Bc5 Rxf2 64. Kg3 Rg2+ 65. Kh3 Rg5 0-1

[Event "*** MasterClass Titled Tuesday Blitz"]
[Site "Chess.com"]
[Date "2017.12.05"]
[Round "2"]
[White "ChessWarrior7197"]
[Black "oliver98"]
[Result "1-0"]
[WhiteElo "2656"]
[BlackElo "2279"]
[TimeControl "180+2"]
[EndTime "14:38:21 PST"]
[Termination "ChessWarrior7197 won on time"]

1. d4 Nf6 2. c4 c5 3. d5 b5 4. Nc3 b4 5. Nb1 d6 6. g3 g6 7. Bg2 Bg7 8. e4 O-O 9. Ne2 a5 10. O-O Nbd7 11. Nd2 a4 12. a3 b3 13. Nc3 Ne5 14. Qe2 Bb7 15. f4 Ned7 16. Nf3 Ne8 17. Bd2 Nb6 18. Rfc1 Nc7 19. Nd1 e6 20. Bc3 exd5 21.
Bxg7 Kxg7 22. cxd5 Re8 23. Qd3 Qe7 24. Nf2 f6 25. Re1 Qd7 26. g4 Qb5 27. Qc3 Qc4 28.
Qd2 Qb5 29. Bf1 Qd7 30. Qc3 Ba6 31. g5 Qe7 32. Ng4 Nd7 33. Bxa6 Rxa6 34. Rad1 Kf7 35. gxf6 Nxf6 36. Ng5+ Kg7 37. Nxf6 Qxf6 38. Qxf6+ Kxf6 39. Nxh7+ Kg7 40. Ng5 Nb5 41. Ne6+ Kf6 42. e5+ Ke7 43. Re3 c4 44. Rh3 Kd7 45. Rh7+ Re7 46. Rh8 Re8 47. Rxe8 Kxe8 48. Nd4 Nxd4 49. Rxd4 c3 50. bxc3 b2 51. Rb4 1-0

[Event "*** MasterClass Titled Tuesday Blitz"]
[Site "Chess.com"]
[Date "2017.12.05"]
[Round "2"]
[White "ppchess2017"]
[Black "BoilingFrog"]
[Result "1-0"]
[WhiteElo "1776"]
[BlackElo "2220"]
[TimeControl "180+2"]
[EndTime "14:38:28 PST"]
[Termination "ppchess2017 won by resignation"]

1. e4 c5 2. d4 cxd4 3. c3 d3 4. Bxd3 Nc6 5. f4 d5 6. Nf3 dxe4 7. Bxe4 Qxd1+ 8. Kxd1 Bd7 9. Kc2 Nf6 10. Bd3 O-O-O 11. h3 h6 12. Na3 Nd5 13. Nc4 Be6 14.
Nce5 Nxe5 15. Nxe5 g5 16. f5 Bg7 17. Re1 f6 18. Ng6 Bf7 19. Nxh8 Rxh8 20. a3 Re8 21. c4 Nc7 22. Be3 e5 23. Bxa7 h5 24. g4 Rd8 25.
Re4 Ne8 26. c5 Bd5 27. Rb4 Bf8 28. Rd1 Nc7 29. Bb6 Bf3 30. Rd2 Rd5 31. Bxc7 Rxc5+ 32. Kb3 Kxc7 33. Rc4 Bd5 34. Rc2 b5 35. a4 bxc4+ 36. Bxc4 Bxc4+ 37. Rxc4 Rxc4 38. Kxc4 hxg4 39. hxg4 Kc6 40.
b4 Be7 41. a5 e4 42. b5+ Kd7 43.
Kd4 Bb4 44. a6 Bc5+ 45. Kxe4 Kd6 46. Kd3 Kd5 47. Kc3 Bb6 48. Kb4 Kd4 49. Kb3 Ke4 50. Kc4 Ke5 51. Kb4 Kf4 52. Kc4 Kxg4 53. Kd5 Kxf5 54.
Kc6 Ba7 55. b6 Bxb6 56. Kxb6 g4 57. a7 g3 58. a8=Q Kg4 59. Qg2 f5 60. Kc5 f4 61.
Kd4 f3 62. Qf1 g2 63. Qf2 Kh3 64. Ke3 Kh2 65. Kxf3 1-0

[Event "*** MasterClass Titled Tuesday Blitz"]
[Site "Chess.com"]
[Date "2017.12.05"]
[Round "2"]
[White "Alexander_Moskalenko"]
[Black "Jumbo"]
[Result "1-0"]
[WhiteElo "2743"]
[BlackElo "2432"]
[TimeControl "180+2"]
[EndTime "14:38:35 PST"]
[Termination "Alexander_Moskalenko won on time"]

1. c4 e5 2. g3 Nf6 3. Bg2 c6 4. Nf3 e4 5. Nd4 Qb6 6. Nb3 a5 7. d3 a4 8. N3d2 e3 9. fxe3 Ng4 10. Ne4 Nxe3 11. Bxe3 Qxe3 12. Qd2 Qxd2+ 13. Nbxd2 Na6 14. a3 Be7 15. e3 O-O 16. Ke2 Re8 17. Raf1 d5 18.
cxd5 cxd5 19. Nc3 d4 20. Nd5 dxe3 21. Ne4 Bg4+ 22. Bf3 Bh3 23. Rc1 Bf8 24. g4 Rad8 25. Nxe3 h5 26. Rhg1 hxg4 27. Bxg4 Bxg4+ 28. Rxg4 Re6 29. Rf1 Nc5 30. Nf6+ Rxf6 31. Rxf6 Nxd3 32. Rb6 Nc1+ 33. Kf3 Nd3 34. Rxa4 Rd7 35. Ra8 Ne5+ 36. Ke4 Nc6 37. b4 g6 38. h4 Rd4+ 39. Kf3 Ne5+ 40. Ke2 Re4 41. Re8 Rxe3+ 42. Kxe3 Nc4+ 43. Kd4 Nxb6 44. Rb8 Na4 45. Rxb7 f5 46. Ra7 Bg7+ 47. Kc4 Nb2+ 48. Kd5 f4 49. Ke4 Bh6 50. b5 Nc4 51. a4 Nd2+ 52.
Kd3 f3 53. Rc7 f2 54. Rc1 f1=Q+ 55. Rxf1 Nxf1 56. b6 Ng3 57. a5 Bf4 58. a6 Nf5 59. a7 Nxh4 60. a8=Q+ Kg7 61. b7 1-0

[Event "*** MasterClass Titled Tuesday Blitz"]
[Site "Chess.com"]
[Date "2017.12.05"]
[Round "2"]
[White "PenguinPacks"]
[Black "ZalupiNputiN"]
[Result "1-0"]
[WhiteElo "2263"]
[BlackElo "2062"]
[TimeControl "180+2"]
[EndTime "14:38:50 PST"]
[Termination "PenguinPacks won by resignation"]

1. d4 Nf6 2. c4 e6 3. Nc3 Bb4 4.
Qc2 b6 5. e4 Bb7 6. Bd3 d5 7.
cxd5 exd5 8. e5 Ne4 9. Nf3 O-O 10. O-O Bxc3 11. bxc3 Nd7 12. Bxe4 dxe4 13. Ng5 c5 14.
Nxe4 cxd4 15. Nd6 Bxg2 16. Kxg2 Nxe5 17. Nf5 d3 18. Qd2 Qd5+ 19. f3 Kh8 20. Bb2 Ng6 21. Qg5 Qxf5 22. Qxf5 Nh4+ 23. Kg3 Nxf5+ 24. Kf4 g6 25. Rad1 Rfd8 26. Rd2 Ne7 27. c4+ Kg8 28. Bf6 Rd7 29. Re1 Nf5 30. Re5 Kf8 31. Rd5 Rc7 32. R2xd3 Rxc4+ 33. Bd4 Nxd4 34. R3xd4 Rxd4+ 35. Rxd4 Ke7 36. Kg5 f6+ 37. Kh6 Rh8 38. Rc4 Kd6 39. Ra4 a5 40.
Rd4+ Ke5 41. Rd7 Rc8 42. h4 Rc4 43. Re7+ Kf5 44. Kxh7 Rxh4+ 45. Kg7 Ra4 46. Rb7 Rb4 47. a3 Rb3 48. a4 Rb4 49. Kf7 g5 50. Kg7 Rxa4 51.
Rxb6 Rb4 52. Rxf6+ Ke5 53. Kg6 Rf4 54. Ra6 Ra4 55. Kxg5 Kd5 56. f4 Kc5 57. f5 Kb5 58.
Ra8 Ra1 59. f6 Rg1+ 60. Kf5 a4 61. f7 Rf1+ 62. Ke6 Kb4 63. Rb8+ Kc3 64. Ra8 Kb3 65. Rb8+ Kc2 66. Rc8+ Kb2 67. Rb8+ Ka2 68. f8=Q Rxf8 69. Rxf8 a3 70. Kd5 Kb1 71. Rf1+ Kb2 72. Rf2+ Kb1 73. Kc4 a2 74. Kb3 a1=N+ 75. Kc3 Nc2 76. Rxc2 Ka1 77. Kb3 Kb1 78. Rc8 1-0

[Event "*** MasterClass Titled Tuesday Blitz"]
[Site "Chess.com"]
[Date "2017.12.05"]
[Round "2"]
[White "Koksik_13"]
[Black "oogee"]
[Result "0-1"]
[WhiteElo "2186"]
[BlackElo "2165"]
[TimeControl "180+2"]
[EndTime "14:39:00 PST"]
[Termination "oogee won by checkmate"]

1. e4 c5 2. Nf3 d6 3. Bc4 Nf6 4. O-O Nc6 5. c3 e6 6. d4 cxd4 7. cxd4 d5 8. exd5 Nxd5 9. Nc3 Nb6 10. Bd3 Be7 11. h4 Bxh4 12. Bf4 Bf6 13. Qe2 Nxd4 14. Nxd4 Qxd4 15. Bg3 O-O 16. Nb5 Qxb2 17. Qe4 g6 18. Nc7 Bd7 19. Nxa8 Bc6 20. Qf4 Rxa8 21. Rad1 Nd5 22. Qg4 Qxa2 23. Be4 a5 24. Qf3 Bg7 25. Rc1 a4 26. Bd6 Qb3 27. Qd1 Qxd1 28. Rfxd1 a3 29. Bb1 Nc3 30. Re1 Nxb1 31. Rxb1 a2 32. Ra1 Bd5 33. Be5 Bxe5 34. Rxe5 b5 35. Re2 b4 36. Rb2 b3 37. f3 e5 38. Kf2 f5 39.
Rd2 Rb8 40. Rb2 Kf7 41. Rd1 Ke6 42. Ke3 g5 43. Kd2 h5 44. Rh1 h4 45. Kc3 Rc8+ 46.
Kb4 g4 47. Ra1 Rb8+ 48. Kc3 gxf3 49. gxf3 h3 50. Rh2 Bxf3 51. Kb2 Bg4 52. Rc1 e4 53.
Rd2 e3 54. Rd4 Ke5 55. Rd7 e2 56. Re1 f4 57. Re7+ Kf6 58. Re4 Kf5 59. Re7 f3 60. Rg7 Kf4 61. Rg1 Bf5 62. Rf7 f2 63. Rc1 e1=Q 64. Rc4+ Qe4 65. Rxe4+ Kxe4 66. Ka3 a1=Q# 0-1

[Event "*** MasterClass Titled Tuesday Blitz"]
[Site "Chess.com"]
[Date "2017.12.05"]
[Round "2"]
[White "cobino21250"]
[Black "fardinkhan46"]
[Result "1/2-1/2"]
[WhiteElo "1276"]
[BlackElo "1446"]
[TimeControl "180+2"]
[EndTime "14:39:07 PST"]
[Termination "Game drawn by stalemate"]

1. d4 d5 2. Bf4 Nc6 3. Nf3 Bf5 4. e3 Nf6 5. Bd3 Ne4 6. O-O e6 7. Nbd2 Bd6 8. Bxe4 dxe4 9. Bxd6 Qxd6 10. c4 exf3 11.
c5 Qe7 12. Nxf3 Qf6 13. a3 Bg4 14. b4 e5 15. dxe5 Nxe5 16. Qa4+ c6 17. Nxe5 Qxe5 18.
b5 O-O-O 19. Qxa7 cxb5 20. Rac1 Rd7 21. Qa8+ Qb8 22. Qa5 Rc7 23. Qxb5 Rd8 24. Qb4 Be2 25. Rfe1 Ba6 26. Qg4+ Rdd7 27. Qxg7 Rc6 28. Qg8+ Kc7 29.
Qg3+ Kc8 30. Qg8+ Rd8 31. Qxh7 Rc7 32. Qh3+ Rdd7 33. Red1 b6 34. Qh8+ Kb7 35. Qxb8+ Kxb8 36. Rxd7 Rxd7 37. cxb6 Rb7 38. Rb1 Bd3 39. Rb3 Bc4 40. Rb4 Rd7 41. h3 Rd1+ 42. Kh2 Rc1 43. a4 Bd3 44. a5 Rb1 45. Rf4 Ra1 46. Rxf7 Rxa5 47.
Rf6 Ra6 48. h4 Bb5 49. h5 Kb7 50. h6 Rxb6 51. h7 Rxf6 52. h8=Q Rb6 53. Qg7+ Ka6 54. g4 Ka5 55. f4 Bc4 56. Qa1+ Kb5 57. Qb2+ Kc5 58.
Qxb6+ Kxb6 59. Kg3 Kc6 60. Kh4 Kd6 61. Kg5 Bd3 62. f5 Ke7 63. f6+ Kf7 64. e4 Bxe4 65. Kf4 Bh7 66. g5 Bg6 67. Kg4 Bh7 68. Kh5 Bg6+ 69.
Kh6 Bb1 70. Kh5 Bg6+ 71. Kh6 Bb1 72. Kh5 Bc2 73. Kh6 Bd3 74. Kh5 Be4 75. Kh6 Bd3 76.
Kh5 Be4 77. Kh6 Bd3 78. Kh5 Bg6+ 79. Kh6 Bb1 80. Kh5 Bc2 81. Kh6 Be4 82. Kh5 Bb1 83. Kh6 Bg6 1/2-1/2

[Event "*** MasterClass Titled Tuesday Blitz"]
[Site "Chess.com"]
[Date "2017.12.05"]
[Round "2"]
[White "LawrenceTrent"]
[Black "Sungho"]
[Result "0-1"]
[WhiteElo "2381"]
[BlackElo "2355"]
[TimeControl "180+2"]
[EndTime "14:39:11 PST"]
[Termination "Sungho won on time"]

1. e4 e6 2. d4 d5 3. Nd2 c5 4. Ngf3 cxd4 5. exd5 Qxd5 6. Bc4 Qd7 7. O-O Nc6 8. Nb3 a6 9. Nbxd4 Nxd4 10. Nxd4 Qc7 11. Bb3 Bd6 12. h3 Ne7 13. Qf3 O-O 14. c3 Bd7 15. Re1 Ng6 16. Qh5 Bh2+ 17. Kh1 Bf4 18. g3 Be5 19. Be3 Qc5 20. Qe2 Bxd4 21. Bxd4 Bc6+ 22. Kh2 Qf5 23. Qg4 Qb5 24. h4 h5 25.
Qe2 Qxe2 26. Rxe2 Rfd8 27. f4 Ne7 28. Bf2 Nf5 29. Kg1 Bf3 30. Rc2 Be4 31. Re2 Bf3 32. Ree1 Rd2 33. Rab1 Nxg3 34. Bxg3 Rg2+ 35. Kf1 Rxg3 36.
Kf2 Rh3 37. Re3 Bg4 38. Rxh3 Bxh3 39. Rd1 b6 40. Rd6 Rb8 41. Bc2 Kf8 42. Bd3 Ke7 43. Rd4 b5 44. b4 Rc8 45. c4 bxc4 46.
Rxc4 Rd8 47. Be2 Rd2 48. Ke3 Rxa2 49. Rc6 Ra3+ 50. Kd4 Ra4 51. Kc5 a5 52. b5 Ra2 53.
Bxh5 Bg2 54. Rc7+ Kd8 55. Rxf7 Rc2+ 56. Kb6 a4 57. Ra7 Rc4 58. Bg6 Rxf4 59. h5 Bd5 60. Kc5 Rc4+ 61. Kd6 Rb4 62. Kc5 Rh4 63. b6 Rc4+ 64.
Kb5 Rc3 65. b7 Rb3+ 66. Ka6 Kc7 67. b8=Q+ Kxb8 68. Rxg7 a3 69. Rg8+ Kc7 70. Rg7+ Kb8 71. Ra7 a2 0-1

[Event "*** MasterClass Titled Tuesday Blitz"]
[Site "Chess.com"]
[Date "2017.12.05"]
[Round "2"]
[White "mikelito7"]
[Black "PivixBanni"]
[Result "0-1"]
[WhiteElo "1362"]
[BlackElo "1354"]
[TimeControl "180+2"]
[EndTime "14:39:15 PST"]
[Termination "PivixBanni won by resignation"]

1. d4 d5 2. c4 c6 3. cxd5 cxd5 4. Nc3 Nf6 5. e4 e6 6. exd5 Nxd5 7. Nxd5 Qxd5 8. Nf3 Nc6 9. b3 Bd6 10. Bc4 Qa5+ 11.
Bd2 Qd8 12. O-O O-O 13. Be3 a6 14. a4 Nb4 15. Ng5 h6 16. Ne4 Be7 17. Qh5 Nc2 18. Bxh6 gxh6 19. Qxh6 Nxd4 20. Rad1 e5 21. Bd3 Bf5 22.
Nf6+ Bxf6 23. Bxf5 Nxf5 24. Rxd8 Nxh6 25. Rxf8+ Rxf8 26.
f4 exf4 27. Rxf4 Kg7 28. g4 Rd8 29. Rb4 Bd4+ 30. Kg2 b6 31. h3 Bc5 32. Re4 Rd4 33. Re5 Rd3 34. g5 Ng8 35. h4 Rxb3 36. h5 f6 37. h6+ Kh7 38. Rf5 fxg5 39. Rxg5 Nxh6 40. Kh2 Rb4 41. a5 Ng4+ 42. Kg3 Bf2+ 43. Kf3 Bc5 44. axb6 Bxb6 45. Rd5 Nf6 46. Rd6 Rb3+ 47. Ke2 Ne4 48. Rd7+ Kg6 49. Kd1 Kf5 50. Kc2 Rb4 51.
Rd8 Ke5 52. Re8+ Kd4 53. Rh8 Ke3 54. Rh3+ Kd4 55. Rf3 Rc4+ 56. Kb2 Nd2 57. Rf4+ Kd3 58. Rf7 a5 59. Rd7+ Ke3 60. Re7+ Kd4 61. Rd7+ Ke3 62. Rd6 Rb4+ 63. Kc2 Nc4 64. Re6+ Kd4 65. Rh6 a4 66. Rh4+ Kc5 67. Kd3 Nb2+ 68. Kc3 Rxh4 69. Kxb2 Kb4 70. Ka1 Rh3 0-1

[Event "*** MasterClass Titled Tuesday Blitz"]
[Site "Chess.com"]
[Date "2017.12.05"]
[Round "2"]
[White "Rodalquilar"]
[Black "AlexanderL"]
[Result "0-1"]
[WhiteElo "2503"]
[BlackElo "2562"]
[TimeControl "180+2"]
[EndTime "14:39:18 PST"]
[Termination "AlexanderL won on time"]

1. d4 e6 2. Nf3 Nf6 3. Bf4 d5 4. e3 Bd6 5. Bg3 O-O 6. Nbd2 c5 7. c3 Nc6 8. Bd3 b6 9. Qe2 Bb7 10.
Rd1 Re8 11. Ne5 Qc7 12. f4 Ne7 13. Bh4 Ne4 14. Nxe4 dxe4 15. Bb5 Rf8 16. dxc5 bxc5 17.
Nc4 Nf5 18. Bf2 Rfd8 19. g4 Ne7 20. Bh4 f6 21. Bg3 Nd5 22. Nxd6 Rxd6 23. f5 e5 24. Bc4 Rad8 25. Kf2 Kh8 26. h4 Nb6 27. Be6 Ba6 28. c4 Bxc4 29. Bxc4 Nxc4 30. Rxd6 Nxd6 31. Rd1 Kg8 32.
b3 Kf8 33. Qc2 Ke8 34. Rd5 Rc8 35. Kg2 Ke7 36. Be1 Qc6 37. Qd1 Nb7 38. g5 Rd8 39.
Rxd8 Nxd8 40. Qh5 Qb5 41. gxf6+ gxf6 42. Qxh7+ Nf7 43. Qh5 Qd3 44. Bf2 Qc2 45. Qg6 Qxa2 46. h5 Qxb3 47. h6 Qd1 48. Bh4 Qf3+ 49. Kh2 Qe2+ 50.
Kh1 Qd1+ 51. Kh2 Qd2+ 52. Kh1 Qd1+ 53. Kh2 Qd2+ 54. Kh1 Qd6 55. h7 Qd1+ 56. Kh2 Qd2+ 57. Kh1 Qd1+ 58. Kh2 Qd2+ 59. Kh3 Qxe3+ 60. Bg3 Qg5 61.
Bh4 Qe3+ 62. Bg3 Qf3 63. Kh4 Qh1+ 64. Kg4 e3 65. Qg7 Qe4+ 66. Kh3 Qxf5+ 67. Kg2 Qh5 0-1

[Event "*** MasterClass Titled Tuesday Blitz"]
[Site "Chess.com"]
[Date "2017.12.05"]
[Round "2"]
[White "penguingm1"]
[Black "temiksmozg"]
[Result "0-1"]
[WhiteElo "2611"]
[BlackElo "2497"]
[TimeControl "180+2"]
[EndTime "14:39:30 PST"]
[Termination "temiksmozg won by resignation"]

1. d4 Nf6 2. c4 e6 3. Nc3 d5 4. cxd5 exd5 5. Bg5 c6 6. e3 Bf5 7. Qf3 Bg6 8. Bxf6 Qxf6 9. Qxf6 gxf6 10. h4 h5 11. Kd2 Nd7 12. Nge2 Nb6 13. Nf4 Nc8 14. Bd3 Rh6 15. Nce2 Nd6 16. Ng3 f5 17. Ke2 Ne4 18. Nf1 Bd6 19. f3 Bxf4 20. exf4 Nd6 21. Ng3 Kd7 22.
Kf2 Bh7 23. Rac1 a5 24. Rhe1 Rg8 25. Rg1 Ra8 26. Rce1 f6 27. Re2 Re8 28. Rxe8 Kxe8 29. Rb1 Bg6 30. Bc2 Kd7 31. a3 Rh8 32. b4 axb4 33.
axb4 Ra8 34. Rb2 Ra1 35. Bd3 Ra3 36. Ke2 Ra1 37. Nf1 Bf7 38. b5 b6 39. bxc6+ Kxc6 40. Rc2+ Kd7 41. Ne3 Be6 42. Rb2 Kc6 43. Rc2+ Kd7 44.
Kd2 Rh1 45. g3 Rg1 46. Nf1 Nc4+ 47. Kc3 Kc6 48. Ra2 Kb7 49. Kb4 Bd7 50. Ra1 Bc6 51. Re1 Kc7 52. Re6 Nb2 53. Be2 Rg2 54. Kc3 Rf2 55. Re3 Nc4 56. Bxc4 dxc4 57. Nd2 b5 58. Nb1 Kb6 59. Re6 Kc7 60. Rxf6 Rxf3+ 61. Kc2 Be4+ 62. Kd2 b4 63. Ke2 Rxg3 64. Nd2 Bd3+ 65. Kf2 Rh3 66. Nf3 Be4 67. Ne5 c3 68. Rf7+ Kb6 69.
Nc4+ Kb5 70. Ne3 c2 71. Rc7 b3 72. d5 Rxe3 73. Kxe3 b2 74. d6 c1=Q+ 0-1

[Event "*** MasterClass Titled Tuesday Blitz"]
[Site "Chess.com"]
[Date "2017.12.05"]
[Round "2"]
[White "kleinebeer98"]
[Black "TenisMaster"]
[Result "1/2-1/2"]
[WhiteElo "2474"]
[BlackElo "2744"]
[TimeControl "180+2"]
[EndTime "14:39:38 PST"]
[Termination "Game drawn by repetition"]

1. e4 e5 2. Nf3 Nc6 3. Bb5 a6 4. Ba4 Nf6 5. d3 b5 6. Bb3 Bc5 7. Nc3 d6 8. Nd5 h6 9. c3 Rb8 10. a4 O-O 11. axb5 axb5 12. h3 Nxd5 13. Bxd5 Ne7 14.
Bb3 Ng6 15. O-O Qf6 16. d4 Bb6 17. Re1 Bb7 18. Qd3 Bc6 19. Be3 Nf4 20. Bxf4 Qxf4 21. Bd5 Bd7 22. Rad1 Rbd8 23. Qd2 Qf6 24. Re3 c6 25. Bb3 Bc8 26. Rd3 Bc7 27. Qe2 Rfe8 28.
dxe5 dxe5 29. Qe3 Rxd3 30. Rxd3 Rd8 31. Rxd8+ Qxd8 32. Qd2 Qxd2 33. Nxd2 Kf8 34. Kf1 Ke7 35. Ke2 g6 36. Nf1 h5 37. Ne3 f5 38. Bc2 f4 39.
Nf1 g5 40. f3 Be6 41. Nd2 c5 42. Bb3 c4 43. Bc2 Bb6 44. Nb1 g4 45. hxg4 hxg4 46.
Na3 Bd7 47. Bd1 g3 48. Kf1 Kd6 49. Nc2 Bc5 50. Be2 Kc7 51. Ke1 Kb6 52. Kd1 Ka5 53.
Kc1 Ka4 54. Kb1 Be6 55. Bd1 Ka5 56. Be2 b4 57. cxb4+ Bxb4 58. Nxb4 Kxb4 59. Kc2 Bd7 60. Bf1 Ba4+ 61. Kd2 Kb3 62. Be2 Bb5 63. Kc1 Kb4 64. Kd2 Bc6 65. Kc2 Ba4+ 66. Kd2 Bb3 67. Bf1 Ba2 68.
Kc2 Bb3+ 69. Kd2 Ba4 70. Be2 Bc6 71. Kc2 Bd7 72. Kd2 Ba4 73. Bf1 Kc5 74. Kc3 Bd1 75. Kd2 Bb3 76. Kc3 Ba2 77. Be2 Bb3 78. Bf1 Ba2 79. Be2 Bb3 80. Bf1 Bd1 81. Kd2 Bb3 82.
Kc3 1/2-1/2

[Event "*** MasterClass Titled Tuesday Blitz"]
[Site "Chess.com"]
[Date "2017.12.05"]
[Round "2"]
[White "nubair1198"]
[Black "Kaphrep"]
[Result "1/2-1/2"]
[WhiteElo "2502"]
[BlackElo "2597"]
[TimeControl "180+2"]
[EndTime "14:40:41 PST"]
[Termination "Game drawn by stalemate"]

1. Nf3 d5 2. d4 Nf6 3. c4 e6 4.
Nc3 Nbd7 5. cxd5 exd5 6. Bg5 h6 7. Bh4 c6 8. e3 g5 9. Bg3 Nh5 10. Bd3 Nxg3 11. hxg3 Bg7 12. Rb1 Nb6 13. Ne5 Qe7 14. f4 Be6 15. Na4 Qb4+ 16. Nc3 O-O-O 17. a3 Qe7 18. Na4 Nc4 19. Bxc4 dxc4 20. Nc5 Bf5 21. e4 f6 22. Qa4 fxe5 23. Qxa7 Qc7 24. Qa8+ Qb8 25. Qxb8+ Kxb8 26. exf5 exf4 27. Ne6 Rde8 28.
gxf4 gxf4 29. O-O Bf6 30. Rxf4 Rhg8 31. Kf2 h5 32. Rc1 b5 33. b3 cxb3 34. Rxc6 Rc8 35. Rb6+ Ka7 36. Rxb5 Rc2+ 37. Kf1 b2 38. d5 Ka6 39. Rfb4 Rc1+ 40. Kf2 Rc2+ 41. Kf1 Rc1+ 42. Kf2 Bh4+ 43. Kf3 Rc3+ 44. Ke4 Rg4+ 45. Ke5 Rxb4 46.
Rxb4 Rc2 47. f6 Bg3+ 48. Kf5 Rf2+ 49. Kg6 Be5 50. f7 Rf6+ 51. Kg5 Rxf7 52. d6 Bxd6 53. Rxb2 Rf1 54. Kxh5 Ka5 55. Rd2 Rh1+ 56. Kg6 Bxa3 57. g4 Kb5 58. Rc2 Re1 59. Nd4+ Kb6 60. g5 Bc5 61.
Nf5 Rf1 62. Ng3 Rf3 63. Ne4 Bd4 64. Kh6 Rh3+ 65. Kg6 Be3 66. Kf5 Bxg5 67. Nxg5 Rd3 68. Ne6 Rd5+ 69. Ke4 Rd1 70. Ke5 Rd3 71. Nd4 Re3+ 72.
Kd6 Rh3 73. Rb2+ Ka5 74. Kd5 Rh5+ 75. Kc4 Ka6 76. Rb1 Rg5 77. Ne6 Re5 78. Nc5+ Ka7 79. Kb5 Rh5 80. Re1 Rh7 81. Re8 Rg7 82. Rh8 Rf7 83.
Ne4 Rf5+ 84. Kc6 Rf1 85. Rh7+ Kb8 86. Nc5 Rf6+ 87. Kb5 Rf5 88. Rg7 Rh5 89. Kb6 Rh6+ 90. Kb5 Kc8 91. Kc4 Kd8 92. Kd5 Rh5+ 93. Kd6 Ke8 94.
Ne6 Rd5+ 95. Kc6 Rd6+ 96. Kxd6 1/2-1/2

[Event "*** MasterClass Titled Tuesday Blitz"]
[Site "Chess.com"]
[Date "2017.12.05"]
[Round "2"]
[White "indfraeng"]
[Black "Mistheoretical"]
[Result "1-0"]
[WhiteElo "1842"]
[BlackElo "2260"]
[TimeControl "180+2"]
[EndTime "14:41:29 PST"]
[Termination "indfraeng won on time"]

1. d4 Nf6 2. c4 Nc6 3. d5 Ne5 4. e3 e6 5. Nc3 Bb4 6. Nf3 Bxc3+ 7. bxc3 Nxf3+ 8. Qxf3 d6 9. Bd3 e5 10. e4 h6 11. O-O O-O 12. Qg3 Kh8 13. f4 Nh5 14. Qf3 Nxf4 15. Bxf4 exf4 16. Qxf4 Qe7 17. Rae1 f6 18.
e5 g5 19. Qe4 dxe5 20. Qg6 Qg7 21. Qh5 Bd7 22. Bf5 Bxf5 23. Rxf5 Kh7 24. Ref1 Qg6 25.
Qf3 Kg7 26. d6 c6 27. c5 Rad8 28. c4 Rf7 29. Qa3 a6 30. Qf3 Rdd7 31. Qg4 h5 32. Qf3 g4 33. Qe4 Rd8 34. Qb1 Rdd7 35. Qe4 Rf8 36.
g3 Rdf7 37. Qb1 Kh7 38. Rxh5+ Kg7 39. Rhf5 Rh8 40. Qc2 Qh6 41. Qf2 Rh7 42. Rxe5 Qg6 43. Rf5 Qh6 44. Rd1 Rd7 45. Rf1 Rf7 46. Rd1 Rh8 47. Qd2 Qg6 48. Qf4 Rd7 49. Rd2 Rh5 50.
Rxh5 Qxh5 51. Qe4 Qxc5+ 52. Qd4 Qxd4+ 53. Rxd4 f5 54. c5 Kf6 55. Rb4 Ke5 56. Rf4 Rf7 57. Rf1 b6 58. cxb6 Kxd6 59. Rd1+ Kc5 60. Rb1 Rb7 61.
Rf1 Rxb6 62. Rxf5+ Kd6 63. Rf6+ Kd7 64. Rg6 Rb4 65. a3 Ra4 66. Kf2 Kc7 67. Ke2 Rxa3 68. Rxg4 Ra2+ 69. Kd3 Rxh2 70. Kc4 Kb6 71. Kb4 Rd2 72.
Rg8 Rd4+ 73. Kc3 c5 74. g4 Rf4 75. g5 Rg4 76. g6 Kb5 77. g7 Rg3+ 78. Kd2 Kc4 79. Kc2 Rg2+ 80. Kb1 a5 81. Ra8 Rxg7 82. Rxa5 Rg1+ 83. Kc2 Rg2+ 84. Kb1 Kb4 85. Ra8 c4 86. Rb8+ Kc3 87. Rh8 Rg1+ 88. Ka2 Rd1 89. Rh3+ Kc2 90. Rh2+ Rd2 91. Rh4 c3 92. Ka1 Kc1 93.
Rc4 c2 94. Ka2 Rd3 95. Rh4 Rd1 96. Rc4 Rg1 97. Rc3 Kd1 98. Kb2 1-0

[Event "*** MasterClass Titled Tuesday Blitz"]
[Site "Chess.com"]
[Date "2017.12.05"]
[Round "3"]
[White "R2D3"]
[Black "juniortay"]
[Result "0-1"]
[WhiteElo "1700"]
[BlackElo "2308"]
[TimeControl "180+2"]
[EndTime "14:43:27 PST"]
[Termination "juniortay won by resignation"]

1. g4 d5 2. Bg2 Bxg4 3. h3 Bf5 4. d3 Nf6 5. Nc3 c6 6. Bf4 Nbd7 7. Qd2 e5 8. Bg5 Bb4 9. O-O-O d4 10. a3 dxc3 11.
bxc3 Bxa3+ 12. Kb1 Qb6+ 0-1